cohdb
Replays
Latest Replays
All Replays
Popular Replays
Top Player Replays
Match Explorer
How It Works
Community
CoH3 Stats
Reddit
Sign in to upload your games and track your stats! →
Sign in with Steam
Match 41213287
Unlisted
Match 41213287
Overview
Messages
Build Orders
End
Vickers Machine Gun Team
Construct Section Command Post
Selects Indian Artillery Battlegroup
Dingo Light Scout Car
Infantry Section
Construct Platoon Command Post
Infantry Section
Humber Armored Car
Selects Valour
Construct Field Infirmary
Royal Engineer Section
Grenade Package
Selects Gurkha Rifles Section
Construct Company Command Post
6-pounder Anti-tank Gun Team
Matilda II Heavy Tank
Crusader II Medium Tank
Crusader II Medium Tank
BeerGrills
TL
♥ ~Lady Rytsu~ ♥
Monsieur Nathan
0
0
Comments
sign in to comment!
No comments posted yet!